 Dungeon Crawl Stone Soup version 0.26-a0-651-gb41185065b (webtiles) character file.

Game seed: 2113776415605429934

67518 reriks the Geomancer (level 15, 0/93 HPs)
             Began as a Gargoyle Earth Elementalist on Sept 27, 2020.
             Was the Champion of Okawaru.
             Slain by an entropy weaver (10 damage)
             ... on level 4 of the Lair of Beasts on Oct 1, 2020.
             The game lasted 01:25:47 (32810 turns).

reriks the Geomancer (Gargoyle Earth Elementalist) Turns: 32810, Time: 01:25:47

Health: 0/93       AC:  9    Str: 16    XL:     15   Next: 23%
Magic:  16/37      EV: 16    Int: 28    God:    Okawaru [******]
Gold:   1848       SH:  5    Dex: 10    Spells: 7/33 levels left

rFire    . . .     SeeInvis .   J - +8 rapier of Quantum Leap {flame, +Blink Int+4}
rCold    + . .     Faith    .   N - +0 buckler {AC+3}
rNeg     + . .     Spirit   .   e - +2 robe {rC+}
rPois    ∞         Reflect  .   w - +2 hat
rElec    +         Harm     .   F - +2 cloak
rCorr    .         Rampage  .   Y - +2 pair of gloves {Str+3}
MR       +++..                  y - +0 pair of boots
Stlth    +++.......             s - amulet of magic regeneration
HPRegen  0.25/turn              A - ring of the Mage {Wiz MR++ Int+3}
MPRegen  0.50/turn              G - ring of magical power

@: about to teleport, corroded, flying, studying Short Blades
A: big wings, negative energy resistance 1, electricity resistance, unbreathing,
petrification resistance, rot immunity, AC +11
a: Stop Flying, Heroism, Finesse, Renounce Religion, Evoke Blink


You were on level 4 of the Lair of Beasts.
You worshipped Okawaru.
Okawaru was exalted by your worship.
You visited 4 branches of the dungeon, and saw 21 of its levels.

You collected 2726 gold pieces.
You spent 878 gold pieces at shops.

Inventory:

Hand Weapons
 J - the +8 rapier of Quantum Leap (weapon) {flame, +Blink Int+4}
   (You found it on level 12 of the Dungeon)

   It has been specially enchanted to burn those struck by it, causing extra
   injury to most foes and up to half again as much damage against particularly
   susceptible opponents.
   It affects your intelligence (+4).
   It lets you blink.
Missiles
 b - 440 stones (quivered)
Armour
 e - a +2 robe of cold resistance (worn)
 r - a scarf of resistance
 w - a +2 hat (worn)
 y - a +0 pair of boots (worn)
 F - a +2 cloak (worn)
 M - a +1 buckler of fire resistance
 N - a +0 buckler of protection (worn)
 Y - a +2 pair of gloves of strength (worn)
Magical Staves
 B - an uncursed staff of death {unknown}
 D - an uncursed staff of earth
Jewellery
 n - an uncursed ring of positive energy
 s - an amulet of magic regeneration (around neck)
 v - an uncursed ring of see invisible
 A - the ring of the Mage (left hand) {Wiz MR++ Int+3}
   (You bought it in a shop on level 13 of the Dungeon)

   [ring of wizardry]

   It improves your spell success rate.
   It affects your intelligence (+3).
   It affects your resistance to hostile enchantments.
 G - a ring of magical power (right hand)
 K - the amulet "Hoesenek" {Spirit rC++ Int+4 Dex+8 Slay-5}
   (You found it on level 7 of the Dungeon)

   [amulet of guardian spirit]

   It causes incoming damage to be split between your health and magic.
   It affects your intelligence (+4).
   It affects your dexterity (+8).
   It affects your accuracy and damage with ranged weapons and melee attacks
   (-5).
   It greatly protects you from cold.
 Z - a +6 ring of intelligence
Wands
 t - a wand of flame (24)
 I - a wand of acid (10)
 R - a wand of iceblast (22)
Scrolls
 c - a scroll of identify
 d - a scroll of fear
 g - 5 scrolls of amnesia
 j - 3 scrolls of teleportation
 k - 17 scrolls of remove curse
 p - 3 scrolls of magic mapping
 S - 2 scrolls of enchant weapon
 U - 2 scrolls of fog
Potions
 a - 5 potions of brilliance
 h - 4 potions of cancellation
 i - 2 potions of mutation
 l - 5 potions of curing
 m - 7 potions of heal wounds
 o - a potion of lignification
 x - a potion of stabbing
 z - a potion of magic
 C - 3 potions of flight
 E - 5 potions of ambrosia
 L - 4 potions of degeneration
 V - a potion of haste
Books
 T - a manual of Short Blades


   Skills:
 + Level 10.5 Fighting
 - Level 1.1 Short Blades
   Level 4.6 Maces & Flails
 + Level 11.1 Armour
 + Level 8.7 Dodging
 - Level 6.7 Stealth
 - Level 8.0 Shields
 + Level 9.6 Spellcasting
 + Level 10.3 Conjurations
 - Level 4.0 Transmutations
 + Level 12.5 Earth Magic


You had 7 spell levels left.
You knew the following spells:

 Your Spells              Type           Power        Failure   Level
a - Sandblast             Erth           ######       0%          1
b - Passwall              Tmut/Erth      ######..     1%          2
c - Stone Arrow           Conj/Erth      ######       1%          3
d - Lee's Rapid Deconstr  Erth           ######....   1%          5
e - Petrify               Tmut/Erth      ######..     1%          4
f - Bolt of Magma         Conj/Fire/Erth ######....   1%          5
g - Iron Shot             Conj/Erth      ######....   2%          6

Your spell library contained the following spells:

 Spells                   Type           Power        Failure   Level
 Apportation              Tloc           ##....       1%          1
 Corona                   Hex            ##.....      1%          1
 Freeze                   Ice            ##..         1%          1
 Summon Small Mammal      Summ           ##..         1%          1
 Hailstorm                Conj/Ice       #####...     1%          4
 Leda's Liquefaction      Hex/Erth       #####.....   1%          4
 Call Imp                 Summ           ##......     2%          2
 Slow                     Hex            ##......     2%          2
 Irradiate                Conj/Tmut      ######....   2%          5
 Call Canine Familiar     Summ           ##......     4%          3
 Inner Flame              Hex/Fire       ##......     4%          3
 Lesser Beckoning         Tloc           ##........   4%          3
 Ozocubu's Armour         Ice            ##......     4%          3
 Portal Projectile        Hex/Tloc       ##....       4%          3
 Summon Guardian Golem    Hex/Summ       ##......     4%          3
 Tukima's Dance           Hex            ##......     4%          3
 Cause Fear               Hex            ##........   16%         4
 Dispel Undead            Necr           ##......     16%         4
 Summon Ice Beast         Ice/Summ       ##......     16%         4
 Summon Lightning Spire   Summ/Air       ##......     16%         4
 Alistair's Intoxication  Tmut/Pois      ###......    21%         5
 Yara's Violent Unravell  Hex/Tmut       ###.......   21%         5
 Silence                  Hex/Air        ##........   41%         5
 Hydra Form               Tmut           #####.....   43%         6
 Invisibility             Hex            ##......     91%         6
 Simulacrum               Ice/Necr       ##........   91%         6
 Dragon Form              Tmut           #####.....   92%         7
 Discord                  Hex            ##........   100%        8
 Shatter                  Erth           ######....   100%        9
 Sublimation of Blood     Necr           Unusable     N/A         2
 Statue Form              Tmut/Erth      Unusable     N/A         6

Dungeon Overview and Level Annotations

Branches:
Dungeon (13/15)            Temple (0/1) D:6            Lair (6/6) D:10
 Shoals (0/4) Lair:2       Spider (1/4) Lair:4        Slime (0/5) Lair:6
    Orc (1/2) D:12
 Vaults: D:13-14

Altars:
Ashenzari
Elyvilon
Fedhas
Gozag
Hepliaklqana
Okawaru
Qazlal
Sif Muna
Uskayaw
Vehumet
Wu Jian
Xom

Shops:
D:2 *   D:11 [   D:13 =[=(

Annotations:
D:9 1 runed translucent door, Cuagunuost's ghost, novice GnWn
D:10 3 runed translucent doors, om's ghost, journeyman GrIE


Innate Abilities, Weirdness & Mutations

You are resistant to torment.
Your stone body is resilient. (AC +11)
You are immune to poison.
Your large and strong wings let you fly indefinitely.
You resist negative energy. (rN+)
You are resistant to electric shocks. (rElec)
You can survive without breathing.
You are immune to petrification.
You are immune to rotting.


Message History

The entropic weave corrodes you!
The entropy weaver hits you but does no damage.
The entropy weaver hits you.
The entropy weaver barely misses you. x2
Unknown command.
The entropy weaver points at you and mumbles some strange words.
The entropic weave corrodes you! The entropy weaver hits you.
The entropy weaver misses you. The entropy weaver hits you.
* * * LOW HITPOINT WARNING * * *
The entropy weaver hits you but does no damage.
Unknown command.
The entropy weaver hits you.
* * * LOW HITPOINT WARNING * * *
The entropy weaver hits you but does no damage.
You block the entropy weaver's attack. The entropy weaver hits you.
* * * LOW HITPOINT WARNING * * *
The entropy weaver hits you!
* * * LOW HITPOINT WARNING * * *
The entropy weaver hits you!
You die...

#...##########.####..### #.
##...##.....##..###...## #.
#....##.....##...##....# #.
............##...###...#### ##.
##......##^^.##..#.P....#.#####..
#......###..^###...............)
##.#....##^^^..#................
###.....##.^..##...............
##....##^^.^@##...........#..
##...###^^.aa#.###.....#...#
##...# ##..>.#..###....#####
#P...## ##...#..# ##..## ##...#.#
###.#### #...# #P...### ###.##
##..## ###....# ##.#.# ##..##
###......# #....# ###.###
........##### #....## ##...


You could see 2 entropy weavers.

Vanquished Creatures
  Jorgrun (D:13)
  Gastronok (Lair:2)
  Fannar (D:10)
  7 hydras
  3 catoblepae (Lair:6)
  4 two-headed ogres
  A centaur warrior (D:10)
  A death knight (D:10)
  6 death yaks (Lair:6)
  Sonja (Lair:2)
  4 lindwurms (Lair:6)
  An orc knight (D:13)
  A deep elf mage (D:10)
  An orb spider (Spider:1)
  4 manticores
  5 ugly things
  3 oklob plants
  A cyclops (D:10)
  3 elephants (Lair:2)
  2 black mambas
  A moth of wrath (shapeshifter) (D:13)
  2 gargoyles
  2 torpor snails (Lair:2)
  9 cane toads
  3 rime drakes
  2 efreet
  5 komodo dragons
  3 meliai (Lair:4)
  A queen bee (Lair:4)
  5 polar bears
  9 trolls
  A troll (shapeshifter) (D:9)
  3 slime creatures (D:12)
  A jumping spider (Lair:4)
  2 hornets
  8 hippogriffs
  A snapping turtle (Lair:2)
  4 dream sheep (Lair:2)
  3 blink frogs (Lair:6)
  2 redbacks
  Sigmund (D:2)
  2 wyverns (D:10)
  44 yaks
  3 basilisks
  7 vampire mosquitoes
  A warg (D:12)
  Edmund (D:4)
  A soldier ant (D:10)
  Duvessa (D:4)
  15 water moccasins
  7 porcupines
  4 sky beasts
  8 black bears
  13 orc warriors
  An eye of draining (D:10)
  3 ice beasts
  6 wolves (Lair:1)
  6 centaurs
  11 ogres
  A phantom (D:4)
  19 crocodiles
  15 bullfrogs
  A gnoll sergeant (D:5)
  2 wyvern zombies
  9 scorpions
  Dowan (D:4)
  18 killer bees
  15 wights
  4 howler monkeys
  An electric eel (Lair:5)
  8 centaur zombies
  5 hounds
  6 jellies
  2 quasits
  7 orc priests
  3 bullfrog skeletons
  4 centaur skeletons
  16 orc wizards
  4 iguanas
  8 worker ants
  2 hound skeletons
  2 worker ant zombies
  8 gnolls
  A howler monkey skeleton (D:5)
  15 adders
  2 shadow imps
  4 white imps
  3 ufetubi
  5 oozes
  5 adder skeletons
  An adder zombie (D:6)
  4 worms
  8 leopard geckos
  67 orcs
  8 bats
  3 giant cockroaches
  3 goblins
  7 hobgoblins
  20 jackals
  6 kobolds
  4 quokkas
  2 ball pythons
  6 frilled lizards
  A jackal skeleton (D:4)
  A leopard gecko skeleton (D:4)
  A leopard gecko zombie (D:7)
  A quokka zombie (D:5)
  16 rats
608 creatures vanquished.

Vanquished Creatures (collateral kills)
  An adder (D:11)
1 creature vanquished.

Vanquished Creatures (others)
  A blink frog (Lair:6)
  A bullfrog (D:6)
  An orc (D:10)
  A kobold (D:3)
  30 fungi
  55 plants
89 creatures vanquished.

Grand Total: 698 creatures vanquished

Notes
Turn   | Place    | Note
-------+----------+-------------------------------------------
     0 | D:1      | reriks the Gargoyle Earth Elementalist began the quest for
                  | the Orb.
     0 | D:1      | Reached XP level 1. HP: 10/10 MP: 3/3
   178 | D:1      | Reached XP level 2. HP: 12/15 MP: 5/5
   427 | D:1      | Reached skill level 4 in Earth Magic
   455 | D:1      | Found a broken altar of Ashenzari.
   774 | D:1      | Reached XP level 3. HP: 19/19 MP: 4/6
   815 | D:1      | Reached skill level 1 in Armour
  1681 | D:2      | Found an opulent altar of Gozag.
  1684 | D:2      | Found Gozag's Platinum Reserve.
  1976 | D:2      | Found an iron altar of Okawaru.
  2329 | D:2      | Reached XP level 4. HP: 11/24 MP: 5/7
  2845 | D:2      | Found a blossoming altar of Fedhas.
  2949 | D:2      | Noticed Sigmund
  2954 | D:2      | Killed Sigmund
  2954 | D:2      | Reached skill level 5 in Earth Magic
  2954 | D:2      | Reached XP level 5. HP: 20/28 MP: 4/9
  2954 | D:2      | Reached XP level 6. HP: 23/32 MP: 4/10
  3373 | D:2      | Became a worshipper of Warmaster Okawaru
  3405 | D:3      | Found a white marble altar of Elyvilon.
  3945 | D:3      | Found a broken altar of Ashenzari.
  3945 | D:3      | Found an ornate altar of the Wu Jian Council.
  4083 | D:3      | Learned a level 2 spell: Passwall
  4087 | D:3      | Learned a level 3 spell: Stone Arrow
  4973 | D:4      | Reached XP level 7. HP: 36/36 MP: 8/12
  5250 | D:4      | Noticed Dowan
  5252 | D:4      | Noticed Duvessa
  5269 | D:4      | Killed Dowan
  5410 | D:4      | Reached skill level 6 in Earth Magic
  5427 | D:4      | Reached skill level 1 in Fighting
  5605 | D:4      | Reached * piety under Okawaru
  5779 | D:4      | Noticed Edmund
  5791 | D:4      | Killed Edmund
  5791 | D:4      | Reached skill level 1 in Short Blades
  5791 | D:4      | Reached XP level 8. HP: 31/43 MP: 7/14
  5915 | D:4      | Reached skill level 1 in Conjurations
  5963 | D:4      | Killed Duvessa
  6081 | D:5      | Entered Level 5 of the Dungeon
  6211 | D:5      | Reached skill level 1 in Maces & Flails
  7087 | D:5      | Reached ** piety under Okawaru
  7091 | D:5      | Reached XP level 9. HP: 50/50 MP: 14/16
  7111 | D:5      | Learned a level 5 spell: Lee's Rapid Deconstruction
  7116 | D:5      | Learned a level 4 spell: Petrify
  7385 | D:6      | Reached skill level 5 in Armour
  7401 | D:6      | Reached skill level 7 in Earth Magic
  7455 | D:6      | Identified the cursed +1 leather armour of the Sun {rElec
                  | rPois MP+9}
  7588 | D:6      | Reached skill level 5 in Spellcasting
  7938 | D:6      | Found a staircase to the Ecumenical Temple.
  8149 | D:6      | Reached skill level 5 in Stealth
  8525 | D:7      | Reached *** piety under Okawaru
  8758 | D:7      | Found a shimmering blue altar of Sif Muna.
  8775 | D:7      | Reached XP level 10. HP: 43/57 MP: 11/18
  9207 | D:7      | Noticed a green ugly thing
  9207 | D:7      | Noticed a manticore
  9900 | D:8      | Reached **** piety under Okawaru
  9905 | D:8      | Reached skill level 5 in Dodging
 10006 | D:8      | Upgraded the game from 0.26-a0-649-gf8c6c3aab7 to
                  | 0.26-a0-651-gb41185065b
 10014 | D:8      | Reached skill level 8 in Earth Magic
 10525 | D:8      | Found a hazy altar of Hepliaklqana.
 10529 | D:8      | Found a radiant altar of Vehumet.
 10529 | D:8      | Found a stormy altar of Qazlal.
 10559 | D:8      | Found a shimmering altar of Xom.
 10563 | D:8      | Found a hide-covered altar of Uskayaw.
 10700 | D:9      | Reached skill level 5 in Fighting
 10763 | D:9      | You fall into a shaft and drop 2 floors!
 10764 | D:11     | Noticed a manticore
 10772 | D:11     | Killed a manticore
 10772 | D:11     | Reached skill level 5 in Conjurations
 10804 | D:10     | Entered Level 10 of the Dungeon
 11340 | D:10     | Reached XP level 11. HP: 59/64 MP: 20/20
 11359 | D:9      | Reached ***** piety under Okawaru
 11522 | D:9      | Found a runed translucent door.
 11525 | D:9      | Found a shimmering altar of Xom.
 11525 | D:9      | Noticed Cuagunuost's ghost (novice GnWn)
 11526 | D:9      | Noticed a +4 war axe of chaos
 12338 | D:10     | Noticed a two-headed ogre
 12349 | D:10     | Killed a two-headed ogre
 12349 | D:10     | Reached skill level 9 in Earth Magic
 12414 | D:10     | Noticed Fannar
 12816 | D:11     | Received a gift from Okawaru
 12958 | D:11     | Noticed a white ugly thing
 13073 | D:10     | Noticed a deep elf mage
 13077 | D:10     | Killed a deep elf mage
 13080 | D:10     | Noticed a centaur warrior
 13081 | D:10     | Noticed a death knight
 13190 | D:10     | Noticed a cyclops
 13480 | D:10     | Killed a white ugly thing
 13984 | D:10     | Killed Fannar
 13984 | D:10     | Reached skill level 1 in Shields
 14414 | D:7      | Killed a manticore
 14456 | D:7      | Identified the Guide on the Unholy Glacier
 14461 | D:7      | Got a sparkling amethyst amulet
 14474 | D:7      | Identified the amulet "Hoesenek" {Spirit rC++ Int+4 Dex+8
                  | Slay-5} (You found it on level 7 of the Dungeon)
 14478 | D:7      | Got a scorched ring mail
 14803 | D:7      | Killed a green ugly thing
 15286 | D:10     | Killed a centaur warrior
 15286 | D:10     | Reached XP level 12. HP: 72/72 MP: 15/22
 15889 | D:10     | Noticed a nine-headed hydra
 15890 | D:10     | Found a runed translucent gate.
 15919 | D:10     | Found a staircase to the Lair.
 15925 | Lair:1   | Entered Level 1 of the Lair of Beasts
 16017 | Lair:1   | Reached skill level 10 in Earth Magic
 16172 | Lair:1   | Noticed a five-headed hydra
 16186 | Lair:1   | Killed a one-headed hydra
 16486 | Lair:1   | Noticed a four-headed hydra
 16518 | Lair:1   | You fall into a shaft and drop 1 floor!
 16681 | Lair:1   | Found an ornate altar of the Wu Jian Council.
 17285 | Lair:1   | Reached skill level 1 in Transmutations
 17292 | Lair:1   | Received a gift from Okawaru
 17447 | Lair:1   | Killed a two-headed hydra
 17447 | Lair:1   | Reached skill level 5 in Shields
 18256 | Lair:2   | Noticed a seven-headed hydra
 18266 | Lair:2   | Killed a seven-headed hydra
 18574 | Lair:2   | Identified the +4 ring mail of the Iron Devil {Harm *Slow
                  | rC+ SInv} (You found it on level 7 of the Dungeon)
 18641 | Lair:2   | Noticed Sonja
 18651 | Lair:2   | Killed Sonja
 18794 | Lair:2   | Reached XP level 13. HP: 78/78 MP: 15/24
 19050 | Lair:2   | Found a staircase to the Shoals.
 19541 | Lair:2   | Noticed Gastronok
 20019 | Lair:2   | Killed Gastronok
 21344 | Lair:3   | Received a gift from Okawaru
 21861 | Lair:4   | Reached skill level 11 in Earth Magic
 22676 | Lair:4   | Found a hole to the Spider Nest.
 24470 | Lair:6   | Entered Level 6 of the Lair of Beasts
 24895 | Lair:6   | Found a staircase to the Slime Pits.
 25109 | D:10     | Gained mutation: Your large and strong wings let you fly
                  | indefinitely. [Gargoyle growth]
 25109 | D:10     | Reached XP level 14. HP: 80/86 MP: 26/26
 25299 | D:10     | Reached ****** piety under Okawaru
 25828 | D:10     | Found a runed translucent gate.
 25828 | D:10     | Found a runed translucent gate.
 25829 | D:10     | Noticed om's ghost (journeyman GrIE)
 26011 | D:11     | Found Jaofugu Urry's Armour Shop.
 26137 | D:11     | Received a gift from Okawaru
 26877 | D:12     | Got an iridescent rapier
 26931 | D:12     | Identified the +8 rapier of Quantum Leap {flame, +Blink
                  | Int+4} (You found it on level 12 of the Dungeon)
 27136 | D:12     | Reached skill level 10 in Armour
 27191 | D:12     | Learned a level 5 spell: Bolt of Magma
 27198 | D:12     | Learned a level 6 spell: Iron Shot
 27952 | D:12     | Found a staircase to the Orcish Mines.
 28157 | D:13     | Found Ledais's Jewellery Boutique.
 28188 | D:13     | Bought the ring of the Mage {Wiz MR++ Int+3} for 878 gold
                  | pieces
 28188 | D:13     | Found the ring of the Mage {Wiz MR++ Int+3}
 29041 | D:13     | Found Naarr's Antique Armour Shoppe.
 29578 | D:13     | Found Kitho Nie's Jewellery Boutique.
 29822 | D:13     | Found Goyfyjac's Antique Weapon Boutique.
 29939 | D:13     | Noticed Jorgrun
 29946 | D:13     | Killed Jorgrun
 29946 | D:13     | Reached skill level 12 in Earth Magic
 30188 | Orc:1    | Entered Level 1 of the Orcish Mines
 30445 | Lair:6   | Reached skill level 10 in Fighting
 30536 | Lair:6   | Received a gift from Okawaru
 31202 | Lair:6   | Reached skill level 10 in Conjurations
 31324 | Lair:6   | Reached XP level 15. HP: 92/92 MP: 21/28
 32652 | Lair:6   | Identified a scroll of acquirement
 32652 | Lair:6   | Acquired 815 gold pieces
 32783 | Spider:1 | Entered Level 1 of the Spider Nest
 32810 | Lair:4   | Slain by an entropy weaver

Illustrated notes

Levels and vault maps discovered:
D:1:      lightli_arrival_lavapool, layout_basic, evilmike_ruin_ashenzari
D:2:      layout_loops_ring, okawaru_metal_pillars_1_2, fedhas_ov_isle_minmay,
          serial_bayou_ford_a, nicolae_gozag_zags_fifth_avenue, uniq_sigmund
D:3:      layout_loops_ring, elyvilon_altar_4, gammafunk_temple_overflow_wave
D:4:      layout_basic, uniq_duvessa, uniq_edmund
D:5:      layout_basic
D:6:      layout_rooms, minmay_temple_entry_junction, dk_noncrumbling_2
D:7:      minmay_the_grid_triangle_9x9_recursive_2
          [minmay_the_grid_triangle_9x9_prize_insulated,
          minmay_the_grid_triangle_9x9_empty,
          minmay_the_grid_triangle_9x9_intruding_spiral,
          minmay_the_grid_triangle_9x9_wacky_v], layout_layer_cave,
          lemuel_round_altar
D:8:      layout_rooms, minmay_overflow_temple_star_hex
D:9:      layout_loops_corners, ebering_ghost_xom, corexii_corridor_pit,
          minivault_11
D:10:     layout_basic, lair_entry_dummy, gammafunk_ghost_hydra_chop,
          minivault_28, uniq_fannar
D:11:     layout_long_grid, serial_shops, shop, moated_statue
D:12:     layout_loops_ring, david_orc_4, minivault_23
D:13:     layout_basic, serial_shops, shop, nicolae_shop_waterfront,
          nicolae_shop_statue_plus, shop_coins, uniq_jorgrun
Lair:1:   layout_long_grid, basic_altar, serial_bayou_shore_b,
          lemuel_fruit_fields, grunt_megastairs_3, serial_bayou_shore_b
Lair:2:   layout_chaotic_city, minmay_shoals_entry_hut, serial_bayou_shore_a,
          serial_bayou_shore_b, minmay_lair_oklob_chamber, lemuel_fruit_tree,
          serial_bayou_shore_b, uniq_sonja, uniq_gastronok
Lair:3:   beast_lair_carwin_large_3, layout_loops_ring
Lair:4:   layout_layer_cave, spider_nest_entry_funnel_web, special_room
          [special_room_bee]
Lair:5:   layout_layer_cave, st_stairs_3, lemuel_fruit_fields,
          serial_bayou_shore_b, serial_bayou_shore_b
Lair:6:   evilmike_catoblepas_cave, layout_cellular_growth,
          nicolae_slime_entry_slimehenge, minmay_lindwurm_lava
Spider:1: layout_chambers
Orc:1:    layout_diamond_mine

Skill      XL: |  1  2  3  4  5  6  7  8  9 10 11 12 13 14 15 |
---------------+----------------------------------------------+-----
Earth Magic    | 4 5 6 7 8 9 10 11 12 | 12.5
Armour         | 1 2 3 4 5 6 8 9 10 11 | 11.1
Dodging        | 2 3 4 5 6 7 8 |  8.7
Spellcasting   | 3 4 5 6 7 8 9 |  9.6
Fighting       | 1 3 4 5 7 8 9 10 | 10.5
Short Blades   | 1 |  1.1
Stealth        | 3 4 5 6 |  6.7
Conjurations   | 2 4 5 6 7 8 10 | 10.3
Maces & Flails | 2 3 4 |  4.6
Shields        | 2 6 8 |  8.0
Transmutations | 2 3 4 |  4.0

Action                   |  1- 3 |  4- 6 |  7- 9 | 10-12 | 13-15 || total
-------------------------+-------+-------+-------+-------+-------++-------
Melee: Club              |   172 |    37 |       |       |       ||   209
       Dagger            |       |    66 |       |   101 |       ||   167
       Dire flail        |       |       |   222 |   107 |       ||   329
       Scimitar          |       |       |       |    16 |    10 ||    26
       Rapier            |       |       |       |       |    13 ||    13
 Cast: Sandblast         |    13 |    43 |    95 |   123 |    55 ||   329
       Passwall          |       |     1 |     2 |       |       ||     3
       Stone Arrow       |       |     1 |    13 |   234 |   301 ||   549
       Lee's Rapid Decon |       |       |       |    38 |   101 ||   139
       Petrify           |       |       |       |     4 |       ||     4
       Iron Shot         |       |       |       |       |   122 ||   122
       Bolt of Magma     |       |       |       |       |     4 ||     4
Invok: Heroism           |       |       |       |     2 |       ||     2
 Abil: Fly               |       |       |       |       |     1 ||     1
Evoke: Wand              |       |       |       |     6 |       ||     6
  Use: Scroll            |       |       |     9 |    14 |    14 ||    37
       Potion            |       |       |       |     2 |       ||     2
 Stab: Sleeping          |     2 |     3 |     4 |     1 |       ||    10
       Distracted        |       |     1 |       |       |       ||     1
       Paralysed         |       |       |       |     2 |       ||     2
       Petrified         |       |       |       |     4 |       ||     4
Armor: Robe              |    67 |    42 |   117 |   180 |   118 ||   524
Dodge: Dodged            |   144 |    83 |   191 |   274 |   141 ||   833
Block: Buckler           |       |       |       |    45 |    64 ||   109
       Rpst.: Scimitar   |       |       |       |     2 |    24 ||    26

Table legend: (Time is in decaauts)
 A = Elapsed time spent in this place.
 B = Non-inter-level travel time spent in this place.
 C = Inter-level travel time spent in this place.
 D = Time resting spent in this place.
 E = Time spent auto-exploring this place.
 F = Levels seen in this place.
 G = Mean time per level.
                   A        B        C        D        E       F      G
               +--------+--------+--------+--------+--------+-----+--------+
         Total |  33052 |  31141 |   1911 |  13248 |  12756 |  21 | 1573.9 |
       Dungeon |  21123 |  19832 |   1291 |   8367 |   8043 |  13 | 1624.8 |
          Lair |  11901 |  11282 |    619 |   4873 |   4713 |   6 | 1983.5 |
   Spider Nest |     21 |     21 |      0 |      8 |      0 |   1 |   21.0 |
  Orcish Mines |      5 |      5 |      0 |      0 |      0 |   1 |    5.0 |
               +--------+--------+--------+--------+--------+-----+--------+

Top non-repeatable levels by time:
  Lair:6: 2610 daAuts
  Lair:2: 2594 daAuts
     D:9: 2387 daAuts
    D:10: 2382 daAuts
  Lair:1: 2194 daAuts
     D:2: 2038 daAuts
    D:12: 1833 daAuts
     D:4: 1781 daAuts
     D:7: 1721 daAuts
    D:13: 1653 daAuts
  Lair:4: 1622 daAuts
  Lair:5: 1560 daAuts
     D:1: 1437 daAuts
     D:5: 1347 daAuts
    D:11: 1325 daAuts
